 Dungeon Crawl Stone Soup version 0.13-a0-2496-g11650dd (webtiles) character file.

375 Rycklaryybbe the Ruffian (level 5, -3/42 HPs)
             Began as a Centaur Death Knight on July 22, 2013.
             Was a Believer of Yredelemnul.
             Slain by Chaositek's ghost (8 damage)
             ... on Level 4 of the Dungeon.
             The game lasted 00:07:17 (2754 turns).

Rycklaryybbe the Ruffian (Centaur Death Knight)     Turns: 2754, Time: 00:07:17

HP  -3/42        AC  5     Str 17      XL: 5   Next: 45%
MP   6/7         EV  9     Int 10      God: Yredelemnul [**....]
Gold 180         SH  0     Dex  8      Spells:  0 memorised,  4 levels left

Res.Fire  : . . .   See Invis. : .     - Unarmed
Res.Cold  : . . .   Warding    : .   b - +0 leather armour
Life Prot.: . . .   Conserve   : .   (no shield)
Res.Poison: .       Res.Corr.  : .   (no helmet)
Res.Elec. : .       Clarity    : .   (no cloak)
Sust.Abil.: . .     Spirit.Shd : .   f - +0 pair of gauntlets
Res.Mut.  : .       Stasis     : .   (no barding)
Res.Rott. : .       Flight     : .   (no amulet)
Saprovore : . . .                    (no ring)
                                     (no ring)

@: very quick, slightly resistant to hostile enchantments, extremely unstealthy
A: hooves 3, deformed body, herbivore 1, speed 2, fast metabolism 1, tough skin
3
a: Animate Remains, Recall Undead Slaves, Injury Mirror, Renounce Religion


You were on level 4 of the Dungeon.
You worshipped Yredelemnul.
Yredelemnul was most pleased with you.
You were not hungry.

You visited 1 branch of the dungeon, and saw 4 of its levels.

You collected 160 gold pieces.

Inventory:

Hand weapons
 a - a +1,+1 spear {=f}
Armour
 b - a +0 leather armour (worn)
 f - a +0 pair of gauntlets (worn)
Comestibles
 c - 4 bread rations
 m - a choko
 x - 3 rotting chunks of orc flesh
Scrolls
 d - 4 scrolls of identify {unknown}
 g - a scroll of random uselessness {unknown}
 h - a scroll of noise {unknown}
 k - 2 scrolls of remove curse {unknown}
 o - 2 scrolls of fog {unknown}
 p - a scroll of curse jewellery {unknown}
 t - a scroll of teleportation {unknown}
 u - a scroll of curse weapon {unknown}
Jewellery
 e - a +3 ring of intelligence {unknown}
 r - a +4 ring of strength {unknown}
Potions
 i - a potion of degeneration {unknown}
 j - 2 potions of curing
 l - 2 potions of brilliance {unknown}
 n - a potion of restore abilities {unknown}
 q - 2 potions of confusion {unknown}
 s - a potion of paralysis {unknown}
 v - a potion of heal wounds


   Skills:
 - Level 2.0 Fighting
 - Level 1.7 Polearms
 - Level 0.6 Armour
 - Level 0.6 Dodging
 + Level 5.3 Unarmed Combat
 - Level 3.0 Invocations


You had 4 spell levels left.
You didn't know any spells.

Dungeon Overview and Level Annotations

Branches:
Dungeon (4/27)
 Temple: D:4-7

Altars:
Ashenzari
Fedhas
Sif Muna

Annotations
D:4 Chaositek's ghost, average DgTm


Innate Abilities, Weirdness & Mutations

You have hooves in place of feet.
Armour fits poorly on your strangely shaped body.
You digest meat inefficiently.
You cover ground very quickly.
You have a fast metabolism.
You have extremely tough skin (AC +3).


Message History

You hit Chaositek's ghost. Your kick misses Chaositek's ghost.
Chaositek's ghost is severely damaged.
Chaositek's ghost barely misses you.
Your worker ant zombie barely misses Chaositek's ghost.
You punch the orc!
The orc is almost dead.
Your worker ant zombie bites Chaositek's ghost.
The orc hits you with a glowing orcish flail.
* * * LOW HITPOINT WARNING * * *
You hit Chaositek's ghost.
Chaositek's ghost is severely damaged.
Chaositek's ghost hits you!
* * * LOW HITPOINT WARNING * * *
Your worker ant zombie bites Chaositek's ghost.
The orc barely misses you.
You miss Chaositek's ghost. Your kick misses Chaositek's ghost.
Chaositek's ghost is almost destroyed.
Chaositek's ghost hits you!
You die...
Your body rises from the dead as a mindless zombie.

#.##.#.# #.##.#.#
...#.##.##.#.#
#.......#.#.#
.....##...(..# ....
##.#.### .#.
#.#.######### #
#.......<...#
[.....#.#.@.....##.#
#........po......#
#.##.#...z.....#.# .
#.#.........# #
#.##...####.#
....... .# ###.###
## #. ..


You could see Chaositek's ghost, an orc and a friendly worker ant zombie.

Vanquished Creatures
  3 worker ants
  An orc wizard (D:3)
  4 adders
  A giant mite (D:3)
  8 orcs (D:3)
  6 bats
  5 goblins
  8 hobgoblins
  4 kobolds
  3 quokkas (D:3)
  3 ball pythons
  4 giant cockroaches
  A giant newt (D:1)
  A hobgoblin skeleton (D:4)
  6 rats
58 creatures vanquished.

Vanquished Creatures (others)
  A bat zombie (D:3)
  4 jackals (D:1)
5 creatures vanquished.

Grand Total: 63 creatures vanquished

Notes
Turn   | Place    | Note
--------------------------------------------------------------
     0 | D:1      | Rycklaryybbe, the Centaur Death Knight, began the quest for the Orb.
     0 | D:1      | Reached XP level 1. HP: 17/17 MP: 2/2
   102 | D:1      | Reached skill level 1 in Unarmed Combat
   237 | D:1      | Reached XP level 2. HP: 24/24 MP: 4/4
   702 | D:2      | Reached XP level 3. HP: 26/29 MP: 5/5
   796 | D:2      | Found a shattered altar of Ashenzari.
   803 | D:2      | Found a deep blue altar of Sif Muna.
   987 | D:2      | Found a blossoming altar of Fedhas.
  1420 | D:3      | HP: 1/29 [poisoned by a worker ant]
  1437 | D:3      | Reached XP level 4. HP: 21/37 MP: 6/6
  1444 | D:3      | Reached skill level 4 in Unarmed Combat
  1717 | D:3      | Acquired Yredelemnul's second power
  2144 | D:3      | HP: 1/37 [worker ant (3)]
  2149 | D:3      | Reached XP level 5. HP: 7/42 MP: 7/7
  2334 | D:3      | Reached skill level 5 in Unarmed Combat
  2737 | D:4      | Noticed Chaositek's ghost (average DgTm)
  2754 | D:4      | Slain by Chaositek's ghost

Action                   |  1- 3 |  4- 6 || total
-------------------------+-------+-------++-------
Melee: Spear             |   112 |    75 ||   187
       Unarmed           |       |    37 ||    37
Invok: Animate Remains   |       |     3 ||     3
  Use: Potion            |     2 |     1 ||     3
